 Dungeon Crawl Stone Soup version 0.31-a0-152-g6aa68a64a1 (webtiles) character file.

Game seed: 11570483367649947089

62 qw the Shooter (level 4, -2/39 HPs)
             Began as a Naga Hunter on June 10, 2023.
             Slain by a hobgoblin (5 damage)
             ... led by Robin
             ... on level 2 of the Dungeon.
             The game lasted 00:00:25 (913 turns).

qw the Shooter (Naga Hunter)                         Turns: 913, Time: 00:00:26

Health: -2/39      AC:  2    Str: 14    XL:     4   Next: 8%
Magic:  0/4        EV:  9    Int:  9    God:
Gold:   46         SH:  0    Dex: 16    Spells: 3/3 levels left

rFire   + . .        Y - +0 shortbow
rCold   + . .        (shield currently unavailable)
rNeg    . . .        c - +0 leather armour
rPois   +            (no helmet)
rElec   .            d - scarf {rC+ rF+}
rCorr   .            (no gloves)
SInv    +            (no barding)
Will    .....        b - amulet of guardian spirit
Stlth   ++           (no ring)
HPRegen 0.26/turn    (no ring)
MPRegen 0.09/turn

%: guardian spirit
@: short of breath, very slow
A: AC +1, large, see invisible, deformed body, poison resistance, slowness 2,
spit poison 1, naga tail 1
a: Spit Poison


You were on level 2 of the Dungeon.
You visited 1 branch of the dungeon, and saw 2 of its levels.

You collected 46 gold pieces.


Innate Abilities, Weirdness & Mutations

Your serpentine skin is tough. (AC +1)
You have supernaturally acute eyesight. (SInv)
Armour fits poorly on your strangely shaped body.
Your system is resistant to poisons. (rPois)
You cover ground very slowly.
You can spit poison.
You have a snake-like lower body.


   Skills:
 + Level 2.0 Fighting
 - Level 5.0 Ranged Weapons
 - Level 1.5 Dodging
 - Level 1.5 Stealth


You had 3 spell levels left.
You didn't know any spells.
Your spell library was empty.

Inventory:

Hand Weapons
 Y - a +0 shortbow (weapon)
Armour
 c - a +0 leather armour (worn)
 d - a scarf of resistance (worn)
Jewellery
 b - an amulet of guardian spirit (around neck)
Scrolls
 f - a scroll of enchant weapon {unknown}
 g - a scroll of teleportation {unknown}
 h - a scroll of blinking {unknown}
Potions
 a - a potion of curing {unknown}
 e - a potion of enlightenment {unknown}
 i - a potion of heal wounds {unknown}

Dungeon Overview and Level Annotations

Branches:
Dungeon (2/15)

Altars:


Message History

The goblin hits you but does no damage.
You hear a shout!
You shoot an arrow. The hobgoblin shouts!
The arrow hits the goblin.
You kill the goblin!
You have got your breath back.
The goblin closely misses you.
908 ||| INVOKING Spit Poison.
Aiming: Spit Poison (2% risk of failure)
Press: ? - help, Shift-Dir - straight line, f - goblin The splash of poison misses the goblin.
A goblin comes into view. It is wielding a +0 club.
You shoot an arrow. The arrow hits the hobgoblin.
You kill the hobgoblin!
A goblin comes into view. It is wielding a +0 club.
The goblin hits you with a +0 club.
You shoot an arrow. The arrow hits Robin!
Robin is almost dead.
Robin barely misses you. The hobgoblin hits you. The goblin barely misses you.
Robin roars a battlecry!
The goblin goes into a battle-frenzy!
The goblin hits you with a +0 club. The hobgoblin closely misses you.
You shoot an arrow. The arrow hits Robin.
You kill Robin!
A worm comes into view.
The goblin barely misses you. The hobgoblin hits you!
Your Ranged Weapons skill increases to level 5!
You have reached level 4!
You feel stronger.
You shoot an arrow. The arrow barely misses the goblin.
The arrow hits the hobgoblin.
The hobgoblin is heavily wounded.
The goblin barely misses you. The goblin hits you but does no damage.
The hobgoblin closely misses you.
You shoot an arrow. The arrow barely misses the goblin.
The arrow hits the hobgoblin.
The hobgoblin is severely wounded.
The goblin hits you with a +0 club. The goblin barely misses you.
The hobgoblin hits you.
You die...

#........)....##
#.......#####..#####
#...###### ##......
. #.#. ####### ..
#.#. ##### ##.#.#.
.<....
.w....g###..?.$.
#...ggg)%...... ###


#ggg@)# ... #####.## ### #..# ##.############## #...............
################ You could see a worm, 2 hobgoblins and 5 goblins.

Vanquished Creatures
  Robin (D:2)
  An adder (D:2)
  A dart slug (D:1)
  3 bats
  2 endoplasms
  2 giant cockroaches (D:1)
  4 goblins
  5 hobgoblins
  4 jackals (D:1)
  3 kobolds (D:1)
  2 quokkas
  3 ball pythons
  3 frilled lizards
  4 rats
38 creatures vanquished.

Notes
Turn   | Place    | Note
-------+----------+-------------------------------------------
     0 | D:1      | qw the Naga Hunter began the quest for the Orb.
     0 | D:1      | Reached XP level 1. HP: 19/19 MP: 1/1
     0 | D:1      | 0 ||| qw: Version: 0.2-a-122-gbc61b45
     0 | D:1      | 0 ||| qw: Game counter: 3632
     0 | D:1      | 0 ||| qw: Always use a shield: true
     0 | D:1      | 0 ||| qw: God list: Okawaru
     0 | D:1      | 0 ||| qw: Allow faded altars: false
     0 | D:1      | 0 ||| qw: Do Orc after D:15 true
     0 | D:1      | 0 ||| qw: Do second Lair branch before Depths: true
     0 | D:1      | 0 ||| qw: Lair rune preference: random
     0 | D:1      | 0 ||| qw: Plans: Normal
     0 | D:1      | 0 ||| PLANNING D:1-11
    29 | D:1      | Found a faded altar of an unknown god.
    33 | D:1      | 33 ||| INVOKING Spit Poison.
    39 | D:1      | 39 ||| INVOKING Spit Poison.
    42 | D:1      | 42 ||| INVOKING Spit Poison.
   128 | D:1      | Reached skill level 4 in Ranged Weapons
   128 | D:1      | Reached XP level 2. HP: 26/26 MP: 2/2
   129 | D:1      | 129 ||| DROPPING scroll of butterflies.
   131 | D:1      | 131 ||| INVOKING Spit Poison.
   157 | D:1      | 157 ||| INVOKING Spit Poison.
   227 | D:1      | 227 ||| INVOKING Spit Poison.
   245 | D:1      | 245 ||| INVOKING Spit Poison.
   259 | D:1      | 259 ||| INVOKING Spit Poison.
   283 | D:1      | 283 ||| INVOKING Spit Poison.
   378 | D:1      | 378 ||| Stepping ~*~*~tactically~*~*~ (outnumbered).
   390 | D:1      | 390 ||| INVOKING Spit Poison.
   410 | D:1      | 410 ||| INVOKING Spit Poison.
   411 | D:1      | Reached XP level 3. HP: 32/32 MP: 3/3
   420 | D:1      | 420 ||| INVOKING Spit Poison.
   431 | D:1      | 431 ||| UPGRADING to amulet of guardian spirit.
   436 | D:1      | 436 ||| INVOKING Spit Poison.
   457 | D:1      | 457 ||| READING scroll labelled NAUJADEFFIAR.
   458 | D:1      | 458 ||| READING scroll labelled ERAMAPP YZOE.
   460 | D:1      | 460 ||| INVOKING Spit Poison.
   607 | D:1      | 607 ||| UPGRADING to scarf of resistance.
   612 | D:1      | 612 ||| READING scroll labelled MYUPPAENEA.
   669 | D:2      | 669 ||| INVOKING Spit Poison.
   673 | D:2      | 673 ||| INVOKING Spit Poison.
   714 | D:2      | 714 ||| INVOKING Spit Poison.
   750 | D:2      | 750 ||| INVOKING Spit Poison.
   794 | D:2      | 794 ||| INVOKING Spit Poison.
   800 | D:2      | 800 ||| INVOKING Spit Poison.
   850 | D:2      | 850 ||| INVOKING Spit Poison.
   853 | D:2      | 853 ||| INVOKING Spit Poison.
   897 | D:2      | 897 ||| INVOKING Spit Poison.
   900 | D:2      | Noticed Robin
   903 | D:2      | 903 ||| INVOKING Spit Poison.
   908 | D:2      | 908 ||| INVOKING Spit Poison.
   911 | D:2      | Killed Robin
   911 | D:2      | HP: 4/32 [hobgoblin[Robin] (6)]
   912 | D:2      | Reached skill level 5 in Ranged Weapons
   912 | D:2      | Reached XP level 4. HP: 5/39 MP: 1/4
   913 | D:2      | Slain by a hobgoblin

Levels and vault maps discovered:
D:1:      amcnicky_arrival_wind_blow, layout_loops_ring, serial_glass,
          glass_columns_b, glass_columns_c, minmay_strange_pillars,
          feat_on_display, due_unseen_surprise, item_on_display_a,
          hellmonk_ecumenical_altar_dog_temple, minmay_misc_feat_encased
D:2:      layout_rooms, uniq_robin

Skill      XL: |  1  2  3 |
---------------+----------+-----
Ranged Weapons | 4 5 |  5.0
Fighting       | |  2.0
Dodging        | |  1.5
Stealth        | |  1.5

Action                     |  1- 3 |  4- 6 || total
---------------------------+-------+-------++-------
   Fire: Shortbow          |    57 |     2 ||    59
Ability: Spit Poison       |    25 |       ||    25
    Use: Scroll            |     3 |       ||     3
 Armour: Leather armour    |     9 |     1 ||    10
  Dodge: Dodged            |    13 |     3 ||    16

Table legend:
 A = Non-vault XP
 B = Vault XP
 C = Vault XP percentage of total XP
 D = Non-vault monster count
 E = Vault monster count
 F = Vault count percentage of total count
                 A         B        C        D         E       F
            +---------+---------+-------+---------+---------+-------
      Total |      61 |      28 |  31.5 |      30 |       8 |  21.1
            +---------+---------+-------+---------+---------+-------
        D:1 |      33 |       8 |  19.5 |      20 |       4 |  16.7
        D:2 |      28 |      20 |  41.7 |      10 |       4 |  28.6
            +---------+---------+-------+---------+---------+-------
